 Dungeon Crawl Stone Soup version 0.17.0-27-g4a3f43e (webtiles) character file.

5139 Oni the Blocker (level 10, 0/79 HPs)
             Began as a Formicid Fighter on Nov 21, 2015.
             Slain by Harold
             ... wielding a +0 scimitar of electrocution
              (14 damage)
             ... on level 1 of the Lair of Beasts.
             The game lasted 00:31:30 (11427 turns).

Oni the Blocker (Formicid Fighter)                 Turns: 11427, Time: 00:31:30

Health: 0/79       AC: 13    Str: 25    XL:     10   Next: 89%
Magic:  10/10      EV:  9    Int:  7    God:
Gold:   240        SH: 20    Dex: 10    Spells: 0 memorised, 9 levels left

rFire  . . .     SeeInvis +     a - +1 war axe (vamp)
rCold  + . .     Clarity  .     p - +0 chain mail
rNeg   . . .     SustAt   .     k - +2 large shield
rPois  .         Gourm    .     (helmet unavailable)
rElec  .         Spirit   .     o - +0 cloak
rCorr  .         Warding  .     i - +0 pair of gloves
rMut   .         Stasis   +     (no boots)
MR     +....                    (no amulet)
Stlth  ..........               (no ring)
                                l - ring of protection from cold

@: somewhat resistant to hostile enchantments, extremely unstealthy
A: permanent stasis, dig shafts and tunnels, four strong arms, antennae 3
a: Dig, Shaft Self


You were on level 1 of the Lair of Beasts.
You were not hungry.

You visited 2 branches of the dungeon, and saw 11 of its levels.

You collected 240 gold pieces.

Inventory:

Hand Weapons
 a - a +1 vampiric war axe (weapon)
Armour
 i - a +0 pair of gloves (worn)
 k - a +2 large shield (worn)
 o - a +0 cloak (worn)
 p - a +0 chain mail (worn)
Jewellery
 l - a ring of protection from cold (left hand)
Wands
 g - a wand of slowing (48)
Scrolls
 f - 9 scrolls of identify
 h - 6 scrolls of remove curse
 j - 3 scrolls of recharging
 n - a scroll of fog
Comestibles
 c - 3 bread rations
 m - 2 meat rations
 q - 9 royal jellies
 s - 3 beef jerkies


   Skills:
 + Level 7.0 Fighting
 + Level 7.1 Axes
 + Level 8.0 Armour
 + Level 5.8 Dodging
 - Level 0.6 Stealth
 + Level 10.6 Shields


You had 9 spell levels left.
You didn't know any spells.

Dungeon Overview and Level Annotations

Branches:
Dungeon (10/15)            Temple (0/1) D:4            Lair (1/8) D:10
    Orc: D:9-12

Altars:
Cheibriados
Dithmenos
Kikubaaqudgha
Nemelex Xobeh
Ru
Sif Muna
Trog
Vehumet

Shops:
D:6 *   D:7 *

Annotations:
Lair:1 Harold


Innate Abilities, Weirdness & Mutations

You are under a permanent stasis effect.
You can dig through walls and to a lower floor.
Your four strong arms can wield two-handed weapons with a shield.
You have a pair of large antennae on your head (SInv).


Message History

You slash Harold!
Harold is moderately wounded.
Harold points at you and mumbles some strange words.
The bolt of fire hits you! You block Harold's attack.
You hit Harold.
You feel better.
Harold is moderately wounded.
Harold points at you and mumbles some strange words.
The bolt of fire hits you!
You slice Harold!!
Harold is heavily wounded.
You block Harold's attack.
You closely miss Harold.
Harold is heavily wounded.
Harold hits you with a scimitar of electrocution!
You hit Harold but do no damage.
Harold is heavily wounded.
Harold hits you with a scimitar of electrocution!
* * * LOW HITPOINT WARNING * * *
You are electrocuted!
You die...

.. .# .. { .##
..### ##### #...##
##≈≈≈# ##@...#
#≈≈≈.## ###.@..#
#≈≈<..#####......#
#≈≈.....#........#
#≈≈...##..P≈≈≈#..#
#≈≈......≈≈≈######
##≈≈P..P≈≈###
##≈≈≈≈≈≈##
##≈≈#### ####


You could see Harold.

Vanquished Creatures
  A manticore (D:9)
  Psyche (D:9)
  Prince Ribbit (D:6)
  A deep elf fighter (D:10)
  A deep elf mage (D:7)
  A water moccasin (D:7)
  A porcupine (Lair:1)
  A soldier ant (D:8)
  3 orc warriors
  An ice beast (D:8)
  A phantom (D:5)
  A wasp (D:8)
  2 sky beasts
  A crocodile (D:10)
  4 centaurs
  2 ogres
  A big kobold (D:8)
  A water moccasin skeleton (D:4)
  4 giant frogs
  4 wights (D:5)
  3 killer bees (D:8)
  3 scorpions
  10 crimson imps
  2 quasits
  5 orc priests
  3 hounds
  Crazy Yiuf (D:6)
  A giant frog zombie (D:7)
  Ijyb (D:3)
  3 iguanas
  5 orc wizards
  A giant frog skeleton (D:7)
  2 jellies
  10 worker ants
  A hound skeleton (D:5)
  A worker ant zombie (D:8)
  9 adders
  4 shadow imps
  A river rat (D:10)
  2 oozes
  A worm (D:3)
  2 giant geckos
  39 orcs
  4 hobgoblins
  12 jackals
  9 kobolds
  4 quokkas
  2 ball pythons (D:1)
  15 bats
  7 giant cockroaches
  A giant gecko skeleton (D:6)
  A giant gecko zombie (D:9)
  3 giant newts
  9 goblins
  A quokka skeleton (D:8)
  17 rats
  A fungus (D:10)
  3 plants (D:10)
232 creatures vanquished.

Notes
Turn   | Place    | Note
--------------------------------------------------------------
     0 | D:1      | Oni the Formicid Fighter began the quest for the Orb.
     0 | D:1      | Reached XP level 1. HP: 18/18 MP: 1/1
    64 | D:1      | Reached XP level 2. HP: 22/24 MP: 2/2
   559 | D:1      | Reached XP level 3. HP: 30/30 MP: 3/3
   731 | D:2      | Reached skill level 4 in Shields
  1062 | D:2      | Found a deep blue altar of Sif Muna.
  1404 | D:2      | Reached XP level 4. HP: 29/37 MP: 4/4
  1453 | D:2      | Reached skill level 1 in Dodging
  1491 | D:2      | Noticed a giant frog
  1494 | D:2      | Killed a giant frog
  1494 | D:2      | Reached XP level 5. HP: 40/42 MP: 5/5
  1584 | D:2      | Found a snail-covered altar of Cheibriados.
  2261 | D:2      | Found a sparkling altar of Nemelex Xobeh.
  2614 | D:3      | Reached XP level 6. HP: 34/48 MP: 6/6
  2665 | D:3      | Reached skill level 5 in Shields
  2848 | D:3      | Found an ancient bone altar of Kikubaaqudgha.
  2967 | D:3      | Noticed Ijyb
  2994 | D:3      | Killed Ijyb
  3149 | D:4      | Found a staircase to the Ecumenical Temple.
  3632 | D:4      | Reached XP level 7. HP: 51/54 MP: 7/7
  4645 | D:5      | Entered Level 5 of the Dungeon
  4695 | D:5      | Reached skill level 6 in Shields
  4841 | D:5      | Reached XP level 8. HP: 42/61 MP: 8/8
  4843 | D:5      | Reached skill level 5 in Armour
  5115 | D:5      | Reached skill level 5 in Fighting
  5633 | D:6      | Noticed Prince Ribbit
  5830 | D:5      | Reached skill level 7 in Shields
  6468 | D:6      | Found a radiant altar of Vehumet.
  6745 | D:6      | Found Paty's Assorted Antiques.
  6755 | D:6      | Killed Prince Ribbit
  6755 | D:6      | Reached XP level 9. HP: 34/68 MP: 9/9
  7100 | D:6      | Noticed Crazy Yiuf
  7111 | D:6      | Killed Crazy Yiuf
  7376 | D:6      | Reached skill level 5 in Axes
  7537 | D:6      | Reached skill level 8 in Shields
  8010 | D:7      | Found Dengonuw's General Store.
  8875 | D:8      | Reached skill level 9 in Shields
  8895 | D:8      | Found a bloodstained altar of Trog.
  8931 | D:8      | Reached skill level 5 in Dodging
  8950 | D:8      | Reached XP level 10. HP: 76/76 MP: 10/10
  9546 | D:8      | Found a sacrificial altar of Ru.
  9991 | D:9      | Noticed a manticore
 10016 | D:9      | Killed a manticore
 10016 | D:9      | Reached skill level 10 in Shields
 10194 | D:9      | Noticed Psyche
 10204 | D:9      | Killed Psyche
 10256 | D:9      | Found a shadowy altar of Dithmenos.
 10830 | D:10     | Entered Level 10 of the Dungeon
 10990 | D:10     | Found a staircase to the Lair.
 11395 | Lair:1   | Entered Level 1 of the Lair of Beasts
 11409 | Lair:1   | Noticed Harold
 11427 | Lair:1   | Slain by Harold

Action                   |  1- 3 |  4- 6 |  7- 9 | 10-12 || total
-------------------------+-------+-------+-------+-------++-------
Melee: War axe           |   108 |   195 |   474 |   335 ||  1112
  Use: Scroll            |     2 |     5 |     8 |     3 ||    18
       Potion            |     2 |     2 |     9 |     2 ||    15
  Eat: Beef jerky        |     1 |       |       |     1 ||     2
       Bread ration      |       |     2 |       |       ||     2
       Meat ration       |       |       |     3 |       ||     3
       Chunk             |       |       |     2 |     1 ||     3
       Fruit             |       |       |     2 |     3 ||     5
       Pizza             |       |       |     1 |       ||     1
